 Dungeon Sprint DCSS version 0.30-a0-50-gb2d611f6b1 (webtiles) character file.

Game seed: 6125346037401878759

10049 rocky1 the Warrior (level 11, -3/143 HPs)
             Began as an Ogre Cinder Acolyte on Sept 5, 2022.
             Was a Follower of Ignis.
             Killed by the air
             ... invoked by a wind drake
              (9 damage)
             ... in the Dungeon (Sprint VII: "The Pits").
             The game lasted 00:16:06 (4241 turns).

rocky1 the Warrior (Ogre Cinder Acolyte)            Turns: 4241, Time: 00:16:13

Health: -3/143     AC: 23    Str: 22    XL:     11   Next: 56%
Magic:  12/12      EV: 14    Int: 15    God:    Ignis [*.....]
Gold:   0          SH:  0    Dex: 12    Spells: 12/12 levels left

rFire   + . .      SeeInvis .    a - +2 morningstar (protect)
rCold   . . .      Faith    .    (no shield)
rNeg    . . .      Spirit   .    o - +0 acid dragon scales
rPois   .          Reflect  .    (helmet restricted)
rElec   .          Harm     .    (no cloak)
rCorr   +          Rampage  .    (gloves unavailable)
Will    +....      NoTele   +    (boots unavailable)
Stlth   +.........               (no amulet)
HPRegen 0.33/turn                p - +3 ring of dexterity
MPRegen 0.13/turn                q - +3 ring of dexterity

@: under a protective aura, fiery-armoured
A: large, unfitting armour, tough skin 1
a: Renounce Religion, Fiery Armour, Foxfire Swarm, Rising Flame


You were in the Dungeon.
You worshipped Ignis.
Ignis was aware of your devotion.
You visited 1 branch

Inventory:

Hand Weapons
 a - a +2 morningstar of protection (weapon)
 b - a +2 war axe of freezing
 h - a +0 giant spiked club
Missiles
 n - 5 poisoned darts (quivered)
Armour
 o - +0 acid dragon scales (worn)
Jewellery
 p - a +3 ring of dexterity (left hand)
 q - a +3 ring of dexterity (right hand)
Scrolls
 j - 5 scrolls of amnesia
 k - a scroll of summoning
Potions
 c - 3 potions of curing
 d - 3 potions of heal wounds
 e - 2 potions of haste
 f - 4 potions of magic
 g - 3 potions of berserk rage
 i - 2 potions of invisibility
 r - 2 potions of might
 s - 2 potions of mutation


   Skills:
 + Level 18.5 Fighting
 + Level 15.4 Maces & Flails
 + Level 9.7 Armour
 + Level 13.1 Dodging
 - Level 1.2 Spellcasting
 - Level 2.6 Fire Magic


You had 12 spell levels left.
You didn't know any spells.
Your spell library contained the following spells:

 Spells                   Type           Power      Damage    Failure   Level
 Scorch                   Fire           16%        2d5       14%         2


Dungeon Overview and Level Annotations

Branches:
Dungeon (1/1)

Altars:


Innate Abilities, Weirdness & Mutations

You are too large for most types of armour.
You have tough skin. (AC +1)


Message History

Unknown command.
You feel much better.
The gargoyle hurls a stone arrow at you.
The stone arrow hits you!!
You completely miss the gargoyle. The gargoyle closely misses you.
You hit the gargoyle but do no damage.
The gargoyle hits you with a +0 dire flail!!
* * * LOW HITPOINT WARNING * * *
You thump the gargoyle!
The gargoyle is heavily damaged.
The gargoyle closely misses you.
You sock the gargoyle!
The gargoyle is severely damaged.
The wind drake flaps its wings at you. The air twists around and strikes you.
The gargoyle completely misses you.
You hit the gargoyle but do no damage.
The gargoyle is severely damaged.
The hell rat twitches its whiskers.
You hit the gargoyle but do no damage.
The gargoyle is severely damaged.
The gargoyle closely misses you.
You hit the gargoyle.
The gargoyle is almost destroyed.
The gargoyle hurls a stone arrow at you.
The stone arrow hits you but does no damage.
The dream sheep ruffle their wool and motes of dream dust sparkle, to no effect.
Unknown command.
You hit the gargoyle but do no damage.
The gargoyle is almost destroyed.
You sock the gargoyle!
You destroy the gargoyle!
The dream sheep shake their wool and sparkle.
You feel drowsy...
You fall asleep.
The dream sheep bites you!!
You wake up.
* * * LOW HITPOINT WARNING * * *
The dream sheep is burned by your cloak of flames.
The dream sheep is moderately wounded.
The wind drake flaps its wings at you. The air twists around and strikes you!
You die...

..###..###+###...##+##...###...##
..##..##.....##..#...#...#.......
####..+)).....+..+...+...Y.......
####..##.....##..#.).#...#.Y.....
[[###..###+###)..##+##...###r..##
[[# ##....)))...##...#..## ....#
.)# #...##+##..###...'.## r...
))##...##...##..##Y..### Y...
))##..###...###.@Ykr.# ... ######
##### ######## ###


You could see a wind drake (repels missiles), 2 dream sheep and a hell rat.

Vanquished Creatures
  A hydra (D)
  A merfolk avatar (D)
  A flayed ghost (D)
  2 sea snakes (D)
  A bog body (D)
  2 lindwurms (D)
  A phantasmal warrior (D)
  An orc sorcerer (D)
  2 gargoyles (D)
  A cane toad (D)
  A kobold demonologist (D)
  A komodo dragon (D)
  A demonic crawler (D)
  An efreet (D)
  A troll (D)
  A tarantella (D)
  2 slime creatures (D)
  4 dream sheep (D)
  A fire bat (D)
  A neqoxec (D)
  3 vampire mosquitoes (D)
  An acid dragon (D)
  A floating eye (D)
  A sky beast (D)
  A black bear (D)
  A small abomination (D)
  An ogre (D)
  A wolf (D)
  A centaur (D)
  A kobold brigand (D)
  A bullfrog (D)
  A scorpion (D)
  2 quasits (D)
  2 orc priests (D)
  A gnoll bouda (D)
  An iguana (D)
  An orc wizard (D)
  9 gnolls (D)
  An adder (D)
  An ufetubus (D)
  3 worms (D)
  2 orcs (D)
  A ball python (D)
  A giant cockroach (D)
  2 hobgoblins (D)
  4 jackals (D)
  A kobold (D)
  A bat (D)
  A frilled lizard (D)
  2 goblins (D)
77 creatures vanquished.

Vanquished Creatures (others)
  A slime creature (D)
  A gnoll sergeant (D)
  A gnoll (D)
  An endoplasm (D)
  38 foxfires (D)
42 creatures vanquished.

Grand Total: 119 creatures vanquished

Notes
Turn   | Place    | Note
-------+----------+-------------------------------------------
     0 | D        | rocky1 the Ogre Cinder Acolyte began the quest for the Orb.
     0 | D        | Reached XP level 1. HP: 24/24 MP: 2/2
   204 | D        | Noticed a floating eye
   208 | D        | Reached skill level 5 in Fighting
   208 | D        | Reached skill level 1 in Dodging
   208 | D        | Reached XP level 2. HP: 24/35 MP: 3/3
   213 | D        | Killed a floating eye
   214 | D        | Reached skill level 7 in Fighting
   214 | D        | Reached XP level 3. HP: 33/46 MP: 4/4
   214 | D        | Reached XP level 4. HP: 40/55 MP: 5/5
   373 | D        | Reached XP level 5. HP: 40/62 MP: 6/6
   379 | D        | Reached skill level 8 in Fighting
   572 | D        | Noticed a black bear
   575 | D        | Reached skill level 5 in Dodging
   575 | D        | Reached XP level 6. HP: 59/74 MP: 7/7
   578 | D        | Reached skill level 9 in Fighting
   598 | D        | Killed a black bear
   599 | D        | Reached skill level 10 in Fighting
   599 | D        | Reached XP level 7. HP: 37/85 MP: 8/8
   925 | D        | Reached skill level 10 in Maces & Flails
  1119 | D        | Reached skill level 11 in Fighting
  1187 | D        | Reached XP level 8. HP: 76/98 MP: 9/9
  1197 | D        | Reached skill level 12 in Fighting
  1599 | D        | Noticed a seven-headed hydra
  1599 | D        | Noticed a kobold demonologist
  1619 | D        | Reached skill level 1 in Armour
  1620 | D        | Noticed a sixfirhy
  1620 | D        | Killed a seven-headed hydra
  1621 | D        | Reached skill level 13 in Fighting
  1621 | D        | Reached XP level 9. HP: 89/110 MP: 10/10
  1623 | D        | Noticed an orange demon
  1632 | D        | Noticed a sixfirhy
  1637 | D        | Killed a kobold demonologist
  1776 | D        | Noticed a sea snake
  1785 | D        | Killed a sea snake
  1786 | D        | Reached skill level 14 in Fighting
  1786 | D        | Reached skill level 5 in Armour
  2230 | D        | Noticed a lindwurm
  2238 | D        | Killed a lindwurm
  2239 | D        | Reached skill level 10 in Dodging
  2319 | D        | Noticed an orc sorcerer
  2325 | D        | Noticed an ice devil
  2332 | D        | Killed an orc sorcerer
  2333 | D        | Reached skill level 15 in Fighting
  2333 | D        | Reached XP level 10. HP: 78/124 MP: 11/11
  2340 | D        | Noticed a sea snake
  2355 | D        | Killed a sea snake
  2364 | D        | Noticed a phantasmal warrior
  2377 | D        | Killed a phantasmal warrior
  2701 | D        | Reached skill level 16 in Fighting
  3050 | D        | Noticed a gargoyle
  3080 | D        | Killed a gargoyle
  3454 | D        | Noticed a bog body
  3464 | D        | Killed a bog body
  3465 | D        | Reached skill level 17 in Fighting
  3465 | D        | Reached XP level 11. HP: 58/139 MP: 12/12
  3800 | D        | Noticed a lindwurm
  3800 | D        | Noticed a merfolk avatar
  3820 | D        | Killed a lindwurm
  3837 | D        | Killed a merfolk avatar
  3838 | D        | Reached skill level 15 in Maces & Flails
  4054 | D        | Noticed a flayed ghost
  4182 | D        | Killed a flayed ghost
  4183 | D        | Reached skill level 18 in Fighting
  4241 | D        | HP: 6/143 [dream sheep (28)]
  4241 | D        | Killed from afar by a wind drake

Illustrated notes

Levels and vault maps discovered:
D:        pitsprint [storerooms_1, entrance_room_1, metal_vault_5, armoury_2,
          mini_pit_1, grid_room_1, main_hall_1, silver_pit, the_coven_3,
          the_vestibule_1, steel_vault_2, golden_pit, hallway_of_sentries,
          crystal_vault_1, iron_vault_4, final_vault]

Skill      XL: |  1  2  3  4  5  6  7  8  9 10 11 |
---------------+----------------------------------+-----
Maces & Flails | 4 6 8 9 11 12 13 14 15 | 15.4
Fighting       | 5 7 8 10 11 13 15 17 18 | 18.5
Dodging        | 1 3 4 5 6 7 9 10 12 13 | 13.1
Armour         | 3 6 8 9 |  9.7
Spellcasting   | |  1.2
Fire Magic     | |  2.6

Action                   |  1- 3 |  4- 6 |  7- 9 | 10-12 || total
-------------------------+-------+-------+-------+-------++-------
Melee: Mace              |    14 |     5 |       |       ||    19
       Flail             |       |    33 |    59 |       ||    92
       Morningstar       |       |       |    45 |   166 ||   211
       Punch             |       |       |       |     4 ||     4
Throw: Dart              |       |       |     3 |       ||     3
Invok: Fiery Armour      |     1 |     1 |     3 |     3 ||     8
       Foxfire Swarm     |       |     2 |       |       ||     2
  Use: Potion            |       |       |     1 |    11 ||    12
       Scroll            |       |       |       |     1 ||     1
Armor: Robe              |     2 |    28 |    31 |       ||    61
       Acid dragon scale |       |       |    27 |    66 ||    93
Dodge: Dodged            |     6 |    30 |    79 |    97 ||   212

Table legend: (Time is in decaauts)
 A = Elapsed time spent in this place.
 B = Non-inter-level travel time spent in this place.
 C = Inter-level travel time spent in this place.
 D = Time resting spent in this place.
 E = Time spent auto-exploring this place.
 F = Levels seen in this place.
 G = Mean time per level.
                   A        B        C        D        E       F      G
               +--------+--------+--------+--------+--------+-----+--------+
         Total |   4192 |   4137 |     55 |   3108 |      0 |   1 | 4192.0 |
       Dungeon |   4192 |   4137 |     55 |   3108 |      0 |   1 | 4192.0 |
               +--------+--------+--------+--------+--------+-----+--------+

Top non-repeatable levels by time:
       D: 4192 daAuts
